 Dungeon Crawl Stone Soup version 0.30-a0-414-gcb316572d5 (webtiles) character file.

Game seed: 294822269495016768

7 flotson the Sneak (level 1, -2/18 HPs)
             Began as a Demonspawn Delver on Dec 8, 2022.
             Slain by an orc priest
             ... wielding a +0 hand axe
              (5 damage)
             ... on level 2 of the Dungeon.
             The game lasted 00:01:41 (271 turns).

flotson the Sneak (Demonspawn Delver)                Turns: 271, Time: 00:01:41

Health: -2/18      AC:  3    Str: 12    XL:     1   Next: 91%
Magic:  1/1        EV: 11    Int: 11    God:
Gold:   14         SH:  0    Dex: 14    Spells: 0/0 levels left

rFire   . . .      SeeInvis .    i - +0 war axe
rCold   . . .      Faith    .    (no shield)
rNeg    . . .      Spirit   .    b - +0 leather armour
rPois   .          Reflect  .    (no helmet)
rElec   .          Harm     .    (no cloak)
rCorr   .          Rampage  .    (no gloves)
Will    .....                    (no boots)
Stlth   +++.......               (no amulet)
HPRegen 0.23/turn                (no ring)
MPRegen 0.07/turn                (no ring)

@: hasted, very quick
A: no striking features
a: no special abilities


You were on level 2 of the Dungeon.
You visited 1 branch of the dungeon, and saw 4 of its levels.

You collected 14 gold pieces.

Inventory:

Hand Weapons
 i - a +0 war axe (weapon)
Armour
 b - a +0 leather armour (worn)
Wands
 g - a wand of digging (3)
Scrolls
 c - a scroll of fog
 d - a scroll of magic mapping
Potions
 h - a potion of might {unknown}


   Skills:
 + Level 3.1 Fighting
 - Level 1.7 Axes
 + Level 0.3 Armour
 + Level 1.9 Dodging
 + Level 4.6 Stealth
 + Level 0.4 Evocations


You couldn't memorise any spells.
You didn't know any spells.
Your spell library was empty.

Dungeon Overview and Level Annotations

Branches:
Dungeon (5/15)
 Temple: D:4-7

Altars:

Annotations:
D:5 Dowan, Duvessa


Message History

The ball python barely misses you. The ball python constricts you.
The ball python barely misses you. The ball python constricts you.
You slash the ball python!
You kill the ball python!
You hit the hobgoblin. The hobgoblin barely misses you.
You hit the hobgoblin.
You kill the hobgoblin!
You see here a ball python corpse.
You closely miss the rat. The rat barely misses you.
The rat closely misses you.
You hit the rat.
The rat is moderately wounded.
The rat barely misses you.
You slash the rat!
You kill the rat!
Found an escape hatch in the ceiling.
The orc priest shouts!
You hear a shout! x2
The orc priest mumbles some strange prayers to Beogh against you.
Beogh smites you!
Ouch! That really hurt!
* * * LOW HITPOINT WARNING * * *
An orc comes into view. It is wielding a +0 trident.
There is an escape hatch in the ceiling here.
Okay, then.
The orc priest barely misses you. A mysterious force pulls you upwards.
The hatch slams shut behind you.
The frilled lizard hisses angrily.
You feel yourself speed up. The frilled lizard misses you.
The orc priest barely misses you.
You slash the frilled lizard!
You kill the frilled lizard!
You closely miss the orc priest. You hit the orc priest.
The orc priest is heavily wounded.
The orc priest hits you with a +0 hand axe.
* * * LOW HITPOINT WARNING * * *
You hit the orc priest.
The orc priest is severely wounded.
The orc priest hits you with a +0 hand axe.
You die...

#
####.##
#o....#
#@....#
#.....#
#.....#
####+##


You could see an orc priest.

Vanquished Creatures
  An orc (D:3)
  A ball python (D:3)
  A hobgoblin (D:3)
  A quokka (D:3)
  A frilled lizard (D:2)
  A rat (D:3)
6 creatures vanquished.

Notes
Turn   | Place    | Note
-------+----------+-------------------------------------------
     0 | D:5      | flotson the Demonspawn Delver began the quest for the Orb.
     0 | D:5      | Reached XP level 1. HP: 18/18 MP: 1/1
    20 | D:5      | Noticed Duvessa
    20 | D:5      | Noticed Dowan
    68 | D:5      | Noticed a hound
    88 | D:4      | Noticed a jelly
   183 | D:3      | Noticed an orc priest
   271 | D:2      | Slain by an orc priest

Illustrated notes

Levels and vault maps discovered:
D:2:      layout_basic, basic_altar, corexii_hall_statues_x, minmay_ruptured
D:3:      layout_loops_cross, gammafunk_ghost_gnarly_gnolls
D:4:      layout_cave_pools, serial_glass, glass_columns_a, glass_columns_a,
          uniq_ijyb
D:5:      layout_cave_pods, nicolae_tso_carved_into_rock, serial_park,
          serial_park_tiny_2, serial_park_tiny_pond, serial_park_tiny_pond,
          serial_park_gazebo [serial_park_minivault_5x5_8],
          serial_park_fountain, serial_park_tiny_pond, uniq_duvessa,
          uniq_sigmund

Action                   || total
-------------------------++-------
Melee: Hand axe          ||    15
       War axe           ||    11
  Use: Scroll            ||     2
       Potion            ||     1
Armor: Leather armour    ||     5
Dodge: Dodged            ||    25

Table legend: (Time is in decaauts)
 A = Elapsed time spent in this place.
 B = Non-inter-level travel time spent in this place.
 C = Inter-level travel time spent in this place.
 D = Time resting spent in this place.
 E = Time spent auto-exploring this place.
 F = Levels seen in this place.
 G = Mean time per level.
                   A        B        C        D        E       F      G
               +--------+--------+--------+--------+--------+-----+--------+
         Total |    276 |    276 |      0 |      0 |     76 |   4 |   69.0 |
       Dungeon |    276 |    276 |      0 |      0 |     76 |   4 |   69.0 |
               +--------+--------+--------+--------+--------+-----+--------+

Top non-repeatable levels by time:
     D:3: 183 daAuts
     D:5: 71 daAuts
     D:4: 17 daAuts
     D:2: 3 daAuts
